 Dungeon Crawl Stone Soup version 0.30.0-30-g96aa6591b8 (webtiles) character file.

Game seed: 15303559576993556153

128 BillyBaka the Cutter (level 5, -1/28 HPs)
             Began as a Vine Stalker Monk on June 29, 2023.
             Slain by a mummy (11 damage)
             ... in an ossuary.
             The game lasted 00:06:44 (2064 turns).

BillyBaka the Cutter (Vine Stalker Monk)            Turns: 2064, Time: 00:06:44

Health: -1/28      AC:  5    Str: 14    XL:     5   Next: 11%
Magic:  0/6        EV: 13    Int: 10    God:
Gold:   131        SH:  0    Dex: 18    Spells: 4/4 levels left

rFire   . . .        a - +0 short sword
rCold   . . .        d - orb {light}
rNeg    . . .        o - +1 robe {Will+}
rPois   .            (no helmet)
rElec   .            (no cloak)
rCorr   .            g - +0 pair of gloves
SInv    .            h - +0 pair of boots
Will    +....        b - amulet of magic regeneration
Stlth   +            (no ring)
HPRegen 1.04/turn    (no ring)
MPRegen 0.50/turn

%: guardian spirit
@: glowing
A: fangs 2, regeneration 1, magic shield, antimagic bite, no potion heal 2
a: no special abilities


You were in an ossuary.
You visited 1 branch of the dungeon, and saw 4 of its levels.
You also visited: Ossuary.

You collected 131 gold pieces.

Inventory:

Hand Weapons
 a - a +0 short sword (weapon)
Armour
 d - an orb of light (worn)
 g - a +0 pair of gloves (worn)
 h - a +0 pair of boots (worn)
 o - a +1 robe of willpower (worn)
Jewellery
 b - an amulet of magic regeneration (around neck)
Scrolls
 e - 2 scrolls of poison {unknown}
 f - 2 scrolls of teleportation {unknown}
 j - 2 scrolls of identify {unknown}
 l - a scroll of amnesia {unknown}
 m - a scroll of torment {unknown}
 p - a scroll of immolation {unknown}
Potions
 c - a potion of ambrosia
 i - 2 potions of curing {unknown}
 k - a potion of haste {unknown}
 n - a potion of flight {unknown}
 q - 2 potions of heal wounds {unknown}


   Skills:
 + Level 3.2 Fighting
 * Level 3.7 Short Blades
 + Level 1.1 Armour
 + Level 2.9 Dodging
 + Level 2.1 Stealth


You had 4 spell levels left.
You didn't know any spells.
Your spell library contained the following spells:

 Spells                   Type           Power      Damage    Failure   Level
 Slow                     Hex            0%         N/A       36%         1
 Blink                    Tloc           0%         N/A       50%         2
 Ensorcelled Hibernation  Hex/Ice        0%         N/A       50%         2
 Lesser Beckoning         Tloc           0%         N/A       50%         2
 Momentum Strike          Conj/Tloc      0%         3d8       50%         2
 Sublimation of Blood     Necr           0%         N/A       50%         2
 Petrify                  Tmut/Erth      0%         N/A       98%         4
 Irradiate                Conj/Tmut      0%         3d11      100%        5
 Metabolic Englaciation   Hex/Ice        0%         N/A       100%        5
 Statue Form              Tmut/Erth      0%         N/A       100%        6


Dungeon Overview and Level Annotations

Branches:
Dungeon (4/15)            Ossuary (1/1)
 Temple: D:4-7

Altars:
Trog


Innate Abilities, Weirdness & Mutations

You have extremely sharp teeth.
Your natural rate of healing is unusually fast.
When hurt, damage is shared between your health and your magic reserves.
Your bite disrupts and absorbs the magic of your enemies.
Potions cannot restore your health.


Message History

The gnoll zombie is lightly damaged.
You hit the gnoll zombie. You bite the gnoll zombie. You drain its power.
The gnoll zombie is moderately damaged.
The gnoll zombie hits you but does no damage.
You hit the gnoll zombie but do no damage.
You bite the gnoll zombie. You drain its power.
The gnoll zombie is moderately damaged.
You hit the gnoll zombie. You bite the gnoll zombie. You drain its power.
The gnoll zombie is almost destroyed.
The gnoll zombie closely misses you.
You hit the gnoll zombie.
You destroy the gnoll zombie! 2 mummies and an orc zombie come into view. 2 mummies come into view.
An orc zombie comes into view.
The mummy hits you!
You hit the mummy but do no damage. You bite the mummy, but do no damage.
The mummy completely misses you.
You hit the mummy. You bite the mummy, but do no damage.
The mummy is moderately damaged.
You hit the mummy. You bite the mummy, but do no damage.
The mummy is moderately damaged.
The mummy hits you!
Ouch! That really hurt!
* * * LOW HITPOINT WARNING * * *
The orc zombie closely misses you.
You hit the orc zombie. You bite the orc zombie.
You destroy the orc zombie!
You hit the mummy.
The mummy is heavily damaged.
You hit the mummy. You bite the mummy. You drain its power.
You feel invigorated.
The mummy is severely damaged.
The mummy hits you.
You hit the mummy.
The mummy is almost destroyed.
You hit the mummy but do no damage.
The mummy is almost destroyed.
The mummy hits you!
You die...

.....##....##..
...............
.............
............
#........#
#......# #MZ..#
#MMZ.# #@M..#
#....# #....#
#....# #....#
#....# #.∩∩.#
######


You could see 4 mummies, a kobold zombie and an orc zombie.

Vanquished Creatures
  Jessica (D:3)
  3 adders
  A worm (D:3)
  2 dart slugs (D:1)
  An orc (D:3)
  8 bats
  5 endoplasms
  4 giant cockroaches
  2 gnoll zombies (Ossuary)
  5 goblins
  5 hobgoblins
  2 quokkas
  5 ball pythons
  3 frilled lizards
  6 kobolds
  4 orc zombies (Ossuary)
  8 rats
65 creatures vanquished.

Notes
Turn   | Place    | Note
-------+----------+-------------------------------------------
     0 | D:1      | BillyBaka the Vine Stalker Monk began the quest for the
                  | Orb.
     0 | D:1      | Reached XP level 1. HP: 11/11 MP: 2/2
   185 | D:1      | Reached XP level 2. HP: 15/16 MP: 3/3
   328 | D:1      | Reached skill level 1 in Stealth
   373 | D:1      | Got the Incunable of Anathema
   713 | D:1      | Reached XP level 3. HP: 19/19 MP: 4/4
  1343 | D:3      | Gained mutation: Your natural rate of healing is unusually
                  | fast. [Vine Stalker growth]
  1343 | D:3      | Reached XP level 4. HP: 24/24 MP: 5/5
  1423 | D:3      | Noticed Jessica
  1431 | D:3      | Killed Jessica
  1432 | D:3      | Reached skill level 1 in Armour
  1520 | D:3      | Found a bloodstained altar of Trog.
  1748 | D:3      | Reached XP level 5. HP: 28/28 MP: 6/6
  2011 | D:4      | Found a sand-covered staircase.
  2026 | Ossuary  | Entered an ossuary
  2064 | Ossuary  | Slain by a mummy

Illustrated notes

Levels and vault maps discovered:
D:1:      minmay_arrival_loop, layout_basic, st_stairs_4, minmay_heptomino_d4
D:2:      layout_basic
D:3:      layout_basic, lemuel_tele_altar, uniq_jessica
D:4:      layout_loops_corners, nicolae_gozag_seed_capital, grunt_qazlal_clouds,
          mainiacjoe_overflow_cross_hatched, enter_ossuary_1
Ossuary:  ossuary_tomb_3

Skill      XL: |  1  2  3  4 |
---------------+-------------+-----
Short Blades   | 3 |  3.7
Stealth        | 1 2 |  2.1
Fighting       | 3 |  3.2
Armour         | 1 |  1.1
Dodging        | |  2.9

Action                     |  1- 3 |  4- 6 || total
---------------------------+-------+-------++-------
  Melee: Short sword       |   102 |    80 ||   182
         Bite              |    26 |    32 ||    58
 Armour: Robe              |    23 |    14 ||    37
  Dodge: Dodged            |    67 |    36 ||   103
